 Seeded DCSS version 0.30.0-10-gfe55d96785 (webtiles) character file.

Game seed: 11938332216793855176 (custom seed)

480 GigaChad the Chopper (level 7, -2/55 HPs)
             Began as a Formicid Fighter on May 16, 2023.
             Was a Follower of Okawaru.
             Succumbed to a water moccasin's poison
             ... on level 5 of the Dungeon.
             The game lasted 00:04:33 (3620 turns).

GigaChad the Chopper (Formicid Fighter)             Turns: 3620, Time: 00:04:34

Health: -2/55      AC: 10    Str: 22      XL:     7   Next: 34%
Magic:  7/7        EV:  9    Int:  7 (8)  God:    Okawaru [*.....]
Gold:   208        SH:  5    Dex: 13      Spells: 6/6 levels left

rFire   . . .        a - +3 war axe
rCold   . . .        c - +0 buckler
rNeg    . . .        b - +0 scale mail
rPois   .            (helmet unavailable)
rElec   .            (no cloak)
rCorr   .            (no gloves)
SInv    +            g - +2 pair of boots
Will    .....        (no amulet) Stlth
                     (no ring)
HPRegen 0.29/turn    (no ring)
MPRegen 0.10/turn

%: no passive effects
@: lethally poisoned (-2 -> -20)
A: permanent stasis, dig shafts and tunnels, antennae 3, four strong arms
a: Dig, Shaft Self, Renounce Religion, Heroism


You were on level 5 of the Dungeon.
You worshipped Okawaru.
Okawaru was aware of your devotion.
You visited 1 branch of the dungeon, and saw 5 of its levels.

You collected 208 gold pieces.

Inventory:

Hand Weapons
 a - a +3 war axe (weapon)
Armour
 b - a +0 scale mail (worn)
 c - a +0 buckler (worn)
 g - a +2 pair of boots (worn)
Jewellery
 u - a ring of resist corrosion
Wands
 p - a wand of charming (7)
Scrolls
 m - 4 scrolls of teleportation
 r - a scroll of poison
 t - 5 scrolls of identify
Potions
 d - a potion of might
 h - a potion of cancellation
 j - 2 potions of lignification {unknown}
 k - 3 potions of curing
 l - 2 potions of ambrosia {unknown}
 n - a potion of flight {unknown}
 o - a potion of attraction {unknown}
 q - a potion of degeneration {unknown}
 s - a potion of brilliance {unknown}


   Skills:
 * Level 4.7 Fighting
 * Level 5.8 Axes
 * Level 4.4 Armour
 - Level 0.1 Dodging
 * Level 4.8 Shields


You had 6 spell levels left.
You didn't know any spells.
Your spell library contained the following spells:

 Spells                   Type           Power      Damage    Failure   Level
 Ignite Poison            Fire/Tmut/Pois 0%         N/A       99%         3
 Sticky Flame             Conj/Fire      0%         2d3       100%        4
 Ignition                 Fire           0%         3d3       100%        8


Dungeon Overview and Level Annotations

Branches:
Dungeon (5/15)
 Temple: D:4-7

Altars:
Okawaru
Ru
Sif Muna

Annotations:
D:2 1 runed translucent door, Crazy Yiuf


Innate Abilities, Weirdness & Mutations

You cannot be hasted, slowed, berserked, paralysed or teleported.
You can dig through walls and to a lower floor.
You have a pair of large antennae on your head. (SInv)
Your four strong arms can wield two-handed weapons with a shield.


Message History

Unknown command.
You slash the water moccasin!
The water moccasin is severely wounded.
You feel very sick. The water moccasin bites you.
You are lethally poisoned!
The water moccasin poisons you!
Unknown command.
You closely miss the water moccasin.
The water moccasin is severely wounded.
* * * LOW HITPOINT WARNING * * *
You feel extremely sick. The water moccasin bites you.
* * * LOW HITPOINT WARNING * * *
The water moccasin bites you but does no damage.
You feel better.
The water moccasin bites you but does no damage.
You miss the water moccasin.
The water moccasin is heavily wounded.
The water moccasin closely misses you. You block the water moccasin's attack.
Unknown command.
You closely miss the water moccasin.
The water moccasin is heavily wounded.
The water moccasin bites you.
* * * LOW HITPOINT WARNING * * *
You are poisoned.
The water moccasin poisons you! You block the water moccasin's attack.
Unknown command.
You closely miss the water moccasin.
The water moccasin is heavily wounded.
* * * LOW HITPOINT WARNING * * *
You feel very sick.
The water moccasin bites you but does no damage.
The water moccasin bites you.
* * * LOW HITPOINT WARNING * * *
You are more poisoned.
The water moccasin poisons you!
You slash the water moccasin!
The water moccasin is almost dead.
You die...

##### ## ##... #. ...
#.#.# #. #S# #.#.#
#.#####@# #.#.#
#.#.....# #.#.#
#(#.##### #.#.# ####.#.#
#.#.# #......######
#.#.# #.##.#......#
#.#.####
#.#.####.######......###
#......................#
##.......########..#.#.#


You could see a water moccasin.

Vanquished Creatures
  An ogre (D:4)
  A scorpion (D:5)
  A jelly (D:4)
  3 orc wizards (D:5)
  Robin (D:2)
  4 gnolls (D:4)
  8 adders
  2 shadow imps
  3 worms
  A dart slug (D:1)
  6 orcs
  5 endoplasms
  4 giant cockroaches
  12 goblins
  8 hobgoblins
  6 jackals
  2 quokkas
  6 ball pythons
  10 bats
  4 frilled lizards
  4 kobolds
  2 rats (D:2)
94 creatures vanquished.

Notes
Turn   | Place    | Note
-------+----------+-------------------------------------------
     0 | D:1      | GigaChad the Formicid Fighter began the quest for the Orb.
     0 | D:1      | Reached XP level 1. HP: 18/18 MP: 1/1
   234 | D:1      | Reached XP level 2. HP: 23/25 MP: 2/2
   610 | D:1      | Found a faded altar of an unknown god.
   612 | D:1      | Prayed at the altar of an unknown god.
   612 | D:1      | Became a worshipper of Sif Muna the Loreminder
   612 | D:1      | Reached * piety under Sif Muna
   680 | D:1      | Fell from the grace of Sif Muna
   790 | D:2      | Reached XP level 3. HP: 28/30 MP: 3/3
   817 | D:2      | Noticed Robin
   838 | D:2      | Reached XP level 4. HP: 4/37 MP: 4/4
   847 | D:2      | Killed Robin
   848 | D:2      | Reached skill level 3 in Axes
  1125 | D:2      | Reached XP level 5. HP: 42/42 MP: 5/5
  1613 | D:2      | Found a runed translucent door.
  1614 | D:2      | Noticed Crazy Yiuf
  1764 | D:3      | Found an iron altar of Okawaru.
  1790 | D:3      | Became a worshipper of Warmaster Okawaru
  2380 | D:4      | Reached skill level 4 in Axes
  2507 | D:4      | Reached XP level 6. HP: 48/48 MP: 6/6
  2742 | D:4      | Noticed an ogre
  2748 | D:4      | Killed an ogre
  2749 | D:4      | Reached skill level 5 in Axes
  3263 | D:4      | Found a sacrificial altar of Ru.
  3380 | D:5      | Entered Level 5 of the Dungeon
  3392 | D:5      | Reached XP level 7. HP: 39/55 MP: 7/7
  3411 | D:5      | Reached * piety under Okawaru
  3609 | D:5      | Noticed a water moccasin
  3620 | D:5      | Succumbed to a water moccasin's poison

Illustrated notes

Levels and vault maps discovered:
D:1:      wheals_arrival_linesprint, layout_basic,
          chequers_ecumenical_altar_twisty, serial_rivers,
          chequers_serial_rivers_micro_b, chequers_serial_rivers_micro_a,
          chequers_serial_rivers_micro_a, chequers_serial_rivers_small_3,
          chequers_serial_rivers_room_b, kennysheep_pointless_box
D:2:      layout_rooms, kennysheep_nub, minmay_heptomino_d4,
          uniq_crazy_yiuf_cottage, uniq_robin
D:3:      layout_loops_ring, mainiacjoe_overflow_brackets
D:4:      wad_pebble_path, layout_basic, mainiacjoe_overflow_24_doors,
          abandoned_shop
D:5:      layout_loops_ring, uniq_sigmund

Skill      XL: |  1  2  3  4  5  6 |
---------------+-------------------+-----
Fighting       | 4 |  4.7
Axes           | 3 4 5 |  5.8
Armour         | 4 |  4.4
Dodging        | |  0.1
Shields        | |  4.8

Action                     |  1- 3 |  4- 6 |  7- 9 || total
---------------------------+-------+-------+-------++-------
  Melee: War axe           |    58 |   145 |    25 ||   228
 Invoke: Renounce Religion |     1 |       |       ||     1
    Use: Scroll            |       |    12 |     3 ||    15
         Potion            |       |       |     1 ||     1
 Armour: Scale mail        |    44 |    54 |     9 ||   107
  Dodge: Dodged            |    43 |    60 |     8 ||   111
  Block: Buckler           |    28 |    30 |     3 ||    61
